Penguins vs Admirals

Created - Wednesday, December 31, 2014 at 00:07

Goals
1 2 3 OT1 SO T
Penguins 0 0 1 0 0 1
Admirals 0 0 1 0 1 2
Shots
1 2 3 OT1 SO T
Penguins 7 6 5 5 3 23
Admirals 5 9 16 1 3 31

1st period

No Goal

Penalties :
Darryl Boyce (NOR) for Hooking (Minor) at 3:06

2nd period

No Goal

Penalties :
Cody Ceci (WBS) for Cross-checking (Minor) at 2:40, Curtis McKenzie (WBS) for Tripping (Minor) at 12:34, J.C. Lipon (WBS) for Slashing (Minor) at 18:41

3rd period

1. Admirals , Jean-Gabriel Pageau 12 (Nathan McIver, Darryl Boyce) at 1:14
2. Penguins , Linden Vey 4 (Jeff Schultz, Philippe Cornet) at 7:37

Penalties :
Sven Andrighetto (NOR) for High sticking (Minor) at 10:59, Farm Player43 (NOR) for Interference (Minor) at 13:31

Overtime #1

No Goal

Penalties :
No Penalty

Shootout

Penalty Shot by Curtis McKenzie for Penguins - Stopped by Brad Thiessen
Penalty Shot by Mike Zigomanis for Admirals - Stopped by Keith Kinkaid
Penalty Shot by Mark McNeill for Penguins - Stopped by Brad Thiessen
Penalty Shot by Jonathan Marchessault for Admirals - Stopped by Keith Kinkaid
Penalty Shot by Matt Kassian for Penguins - Stopped by Brad Thiessen
Penalty Shot by Jean-Gabriel Pageau for Admirals - Goal!

Penalties :
No Penalty

Goalie Stats

Keith Kinkaid (WBS), 30 saves from 31 shots - (0.968), OTL, 24-3-12, 65:00 minutes
Brad Thiessen (NOR), 22 saves from 23 shots - (0.957), W, 12-9-3, 65:00 minutes

Players Stats for Penguins

Player Name              G  A  P  +/- PIM S  H  SB GA TA FO     MP     PP MP  PK MP  
------------------------------------------------------------------------------------
Andrej Sustr             0  0  0   0  0   3  0  2  2  2  0/0    27:21   2:12   1:30 
Carson McMillan          0  0  0   0  0   0  0  0  0  3  10/17  16:44   3:03   0:00 
Charles Sarault          0  0  0   1  0   3  3  0  1  0  7/8    17:07   0:47   1:20 
Chris Huxley             0  0  0  -1  0   0  0  2  1  0  0/0    18:12   0:00   4:27 
Cody Ceci                0  0  0   0  2   0  1  0  0  1  0/0    26:10   3:45   1:13 
Curtis McKenzie          0  0  0  -1  2   1  3  0  0  0  5/9    25:57   2:07   2:56 
Dan Biega                0  0  0   1  0   3  1  5  0  1  0/0    25:22   2:12   1:30 
Dean Arsene              0  0  0   0  0   0  0  0  0  0  0/0     2:47   0:00   0:00 
Drew Bagnall             0  0  0   0  0   0  0  0  0  0  0/0     0:00   0:00   0:00 
Hunter Bishop            0  0  0   0  0   0  0  0  2  0  1/1    14:57   0:00   0:00 
J.C. Lipon               0  0  0  -1  2   0  1  0  2  0  1/1    17:47   2:54   0:00 
Jeff Schultz             0  1  1   0  0   2  1  0  0  1  0/0    30:05   3:45   3:14 
Linden Vey               1  0  1   1  0   5  1  0  5  0  0/1    20:23   0:00   0:39 
Mark McNeill             0  0  0  -1  0   3  2  0  5  3  4/9    23:54   2:54   4:20 
Matt Kassian             0  0  0   0  0   1  4  0  7  0  0/0    17:24   3:03   1:02 
Matt Mangene             0  0  0   0  0   0  0  0  0  0  0/0     1:15   0:00   0:00 
Philippe Cornet          0  1  1   1  0   2  4  1  1  0  0/0    16:38   3:03   1:37 
Tye McGinn               0  0  0   0  0   0  1  0  0  1  0/0    11:53   0:00   0:00 

Players Stats for Admirals

Player Name              G  A  P  +/- PIM S  H  SB GA TA FO     MP     PP MP  PK MP  
------------------------------------------------------------------------------------
Bryan Rodney             0  0  0   0  0   3  3  1  0  3  0/0    28:17   4:06   2:40 
Cade Fairchild           0  0  0   0  0   3  3  1  1  0  0/0    28:17   4:06   2:40 
Carter Camper            0  0  0   0  0   7  1  0  1  0  1/7    13:38   0:00   0:54 
Darryl Boyce             0  1  1   1  2   1  1  3  2  0  0/1    15:09   2:10   0:00 
Farm Player11            0  0  0   0  0   0  1  0  0  2  0/0    15:37   0:00   0:33 
Farm Player2             0  0  0   0  0   0  1  1  0  0  0/0    23:03   1:51   3:51 
Farm Player42            0  0  0  -1  0   0  3  1  0  0  0/1    10:45   0:00   0:04 
Farm Player43            0  0  0   0  2   0  1  0  1  0  0/0    15:03   0:00   0:00 
Jean-Gabriel Pageau      1  0  1   1  0   1  1  0  2  1  1/7    16:03   2:10   0:54 
Jerry D'Amigo            0  0  0   0  0   2  3  0  5  0  0/1    15:06   3:47   0:00 
Jimmy Bonneau            0  0  0  -1  0   1  1  0  2  1  0/0    10:12   0:00   0:00 
Jonathan Marchessault    0  0  0   0  0   3  3  1  2  2  0/1    22:41   3:47   3:56 
Maxime Langelier-Parent  0  0  0  -1  0   1  0  3  3  0  3/6    12:12   0:00   1:13 
Mike Sislo               0  0  0   0  0   3  2  2  2  0  0/2    14:05   0:00   0:00 
Mike Zigomanis           0  0  0   0  0   2  0  1  1  1  12/18  22:06   3:47   3:46 
Nathan McIver            0  1  1   0  0   0  2  1  0  2  0/0    22:07   1:51   3:17 
Ryan Bourque             0  0  0   0  0   3  0  1  1  2  1/2    14:05   0:00   0:00 
Sven Andrighetto         0  0  0   1  2   1  3  0  2  0  0/0    15:30   2:10   0:00 

3 Stars

1 - Keith Kinkaid (WBS)
2 - Brad Thiessen (NOR)
3 - Linden Vey (WBS)

Power Play

Penguins - 0 on 3 Attempt(s) - 0.00%
Admirals - 0 on 3 Attempt(s) - 0.00%

Penalty Kill

Penguins - 3 on 3 Attempt(s) - 100.00% - Score 0 goal in Penalty Kill
Admirals - 3 on 3 Attempt(s) - 100.00% - Score 0 goal in Penalty Kill

Official

Referees : Unknown
Linesman : Unknown

Game Notes

Maxime Langelier-Parent is injured at 3:47 of 1st overtime period (Bruised Right Arm)

Finance

Level 1 -- Attendance: 1520 (76.00%) -- Ticket Income $53,200
Level 2 -- Attendance: 816 (81.60%) -- Ticket Income $12,240
Total Attendance: 2336 (77.87%)
Total Ticket Income: $65,440
Other Income: $32,066
Total Income: $97,506

Penguins

5 vs 5 Forward 
   Center                   Left Wing                Right Wing               Time % Phy DF OF 
 1 Mark McNeill             Curtis McKenzie          J.C. Lipon               35     1   2  2  
 2 Carson McMillan          Matt Kassian             Linden Vey               30     1   2  2  
 3 Charles Sarault          Philippe Cornet          Linden Vey               22     1   2  2  
 4 Curtis McKenzie          Hunter Bishop            Tye McGinn               13     1   2  2  

5 vs 5 Defense 
   Defense                  Defense                                           Time % Phy DF OF 
 1 Cody Ceci                Jeff Schultz                                      35     1   2  2  
 2 Andrej Sustr             Dan Biega                                         30     1   2  2  
 3 Andrej Sustr             Chris Huxley                                      22     1   2  2  
 4 Dan Biega                Jeff Schultz                                      13     1   2  2  

PowerPlay Forward 
   Center                   Left Wing                Right Wing               Time % Phy DF OF 
 1 Mark McNeill             Curtis McKenzie          J.C. Lipon               60     1   2  2  
 2 Carson McMillan          Matt Kassian             Philippe Cornet          40     1   2  2  

PowerPlay Defense
   Defense                  Defense                                           Time % Phy DF OF 
 1 Cody Ceci                Jeff Schultz                                      60     1   2  2  
 2 Andrej Sustr             Dan Biega                                         40     1   2  2  

Penalty Kill 4 Players Forward 
   Center                   Wing                     Time % Phy DF OF 
 1 Curtis McKenzie          Mark McNeill             60     1   2  2  
 2 Matt Kassian             Philippe Cornet          40     1   2  2  

Penalty Kill 4 Players Defense
   Defense                  Defense                  Time % Phy DF OF 
 1 Chris Huxley             Jeff Schultz             60     1   2  2  
 2 Andrej Sustr             Dan Biega                40     1   2  2  

Penalty Kill - 3 Players Forward 
   Forward                                           Time % Phy DF OF 
 1 Curtis McKenzie                                   60     1   2  2  
 2 Mark McNeill                                      40     1   2  2  

Penalty Kill - 3 Players Defense
   Defense                  Defense                  Time % Phy DF OF 
 1 Chris Huxley             Jeff Schultz             60     1   2  2  
 2 Andrej Sustr             Dan Biega                40     1   2  2  

4 vs 4 Forward 
   Center                   Wing                     Time % Phy DF OF 
 1 Curtis McKenzie          Mark McNeill             60     1   2  2  
 2 Matt Kassian             Philippe Cornet          40     1   2  2  

4 vs 4 Defense
   Defense                  Defense                  Time % Phy DF OF 
 1 Cody Ceci                Jeff Schultz             60     1   2  2  
 2 Andrej Sustr             Dan Biega                40     1   2  2  

Last Minutes Offensive
   Center                   Left Wing                Right Wing               Defense                  Defense                  
   Mark McNeill             Curtis McKenzie          J.C. Lipon               Cody Ceci                Jeff Schultz             

Last Minutes Defensive
   Center                   Left Wing                Right Wing               Defense                  Defense                  
   Mark McNeill             Curtis McKenzie          J.C. Lipon               Cody Ceci                Jeff Schultz             

Goaltenders
Starting : Keith Kinkaid            
Backup : Mark Visentin            

Extra Forwards
Normal : Charles Sarault, Hunter Bishop, Curtis McKenzie - PP : Charles Sarault, Hunter Bishop - PK : Curtis McKenzie
Extra Defensemen
Normal : Jeff Schultz, Chris Huxley, Andrej Sustr - PP : Andrej Sustr - PK : Chris Huxley, Andrej Sustr
Penalty Shots
Curtis McKenzie, Mark McNeill, Matt Kassian, Philippe Cornet, J.C. Lipon

Admirals

5 vs 5 Forward 
   Center                   Left Wing                Right Wing               Time % Phy DF OF 
 1 Mike Zigomanis           Jonathan Marchessault    Jerry D'Amigo            35     1   2  2  
 2 Jean-Gabriel Pageau      Darryl Boyce             Sven Andrighetto         30     1   2  2  
 3 Carter Camper            Ryan Bourque             Mike Sislo               22     1   2  2  
 4 Maxime Langelier-Parent  Jimmy Bonneau            Farm Player42            13     1   2  2  

5 vs 5 Defense 
   Defense                  Defense                                           Time % Phy DF OF 
 1 Bryan Rodney             Cade Fairchild                                    35     1   2  2  
 2 Nathan McIver            Farm Player2                                      30     1   2  2  
 3 Farm Player11            Farm Player43                                     22     1   2  2  
 4 Cade Fairchild           Bryan Rodney                                      13     1   2  2  

PowerPlay Forward 
   Center                   Left Wing                Right Wing               Time % Phy DF OF 
 1 Mike Zigomanis           Jonathan Marchessault    Jerry D'Amigo            60     1   2  2  
 2 Jean-Gabriel Pageau      Darryl Boyce             Sven Andrighetto         40     1   2  2  

PowerPlay Defense
   Defense                  Defense                                           Time % Phy DF OF 
 1 Bryan Rodney             Cade Fairchild                                    60     1   2  2  
 2 Nathan McIver            Farm Player2                                      40     1   2  2  

Penalty Kill 4 Players Forward 
   Center                   Wing                     Time % Phy DF OF 
 1 Mike Zigomanis           Jonathan Marchessault    60     1   2  2  
 2 Jean-Gabriel Pageau      Carter Camper            40     1   2  2  

Penalty Kill 4 Players Defense
   Defense                  Defense                  Time % Phy DF OF 
 1 Bryan Rodney             Cade Fairchild           60     1   2  2  
 2 Nathan McIver            Farm Player2             40     1   2  2  

Penalty Kill - 3 Players Forward 
   Forward                                           Time % Phy DF OF 
 1 Mike Zigomanis                                    60     1   2  2  
 2 Jonathan Marchessault                             40     1   2  2  

Penalty Kill - 3 Players Defense
   Defense                  Defense                  Time % Phy DF OF 
 1 Bryan Rodney             Cade Fairchild           60     1   2  2  
 2 Nathan McIver            Farm Player2             40     1   2  2  

4 vs 4 Forward 
   Center                   Wing                     Time % Phy DF OF 
 1 Mike Zigomanis           Jonathan Marchessault    60     1   2  2  
 2 Jean-Gabriel Pageau      Carter Camper            40     1   2  2  

4 vs 4 Defense
   Defense                  Defense                  Time % Phy DF OF 
 1 Bryan Rodney             Cade Fairchild           60     1   2  2  
 2 Nathan McIver            Farm Player2             40     1   2  2  

Last Minutes Offensive
   Center                   Left Wing                Right Wing               Defense                  Defense                  
   Mike Zigomanis           Jonathan Marchessault    Jerry D'Amigo            Bryan Rodney             Cade Fairchild           

Last Minutes Defensive
   Center                   Left Wing                Right Wing               Defense                  Defense                  
   Mike Zigomanis           Jonathan Marchessault    Jerry D'Amigo            Bryan Rodney             Cade Fairchild           

Goaltenders
Starting : Brad Thiessen            
Backup : David LeNeveu            

Extra Forwards
Normal : Ryan Bourque, Mike Sislo, Maxime Langelier-Parent - PP : Ryan Bourque, Mike Sislo - PK : Maxime Langelier-Parent
Extra Defensemen
Normal : Farm Player11, Farm Player43, Farm Player42 - PP : Farm Player11 - PK : Farm Player43, Farm Player42
Penalty Shots
Mike Zigomanis, Jonathan Marchessault, Jean-Gabriel Pageau, Carter Camper, Jerry D'Amigo

% Time on Ice - Penguins

Lines # - Real PCT - Wanted PCT - Time Play
Normal Forward
1 - 28% - 35% - 13:29
2 - 28% - 30% - 13:19
3 - 20% - 22% - 9:25
4 - 25% - 13% - 11:53
Normal Defense
1 - 35% - 35% - 16:36
2 - 30% - 30% - 14:21
3 - 25% - 22% - 11:56
4 - 11% - 13% - 5:13
PP Forward
1 - 49% - 60% - 2:54
2 - 51% - 40% - 3:03
PP Defense
1 - 63% - 60% - 3:45
2 - 37% - 40% - 2:12
PK Forward
1 - 83% - 60% - 4:55
2 - 17% - 40% - 1:02
PK Defense
1 - 75% - 60% - 4:27
2 - 25% - 40% - 1:30
PK3 Forward
1 - 0% - 60%
2 - 0% - 40%
PK3 Defense
1 - 0% - 60%
2 - 0% - 40%
44 Forward
1 - 100% - 60% - 5:00
2 - 0% - 40% - 0:00
44 Defense
1 - 58% - 60% - 2:54
2 - 42% - 40% - 2:06
Last Minute Offensive  - 0:00
Last Minute Defensive  - 0:00
Total
Forward - 65:00
Defense - 65:00

% Time on Ice - Admirals

Lines # - Real PCT - Wanted PCT - Time Play
Normal Forward
1 - 25% - 35% - 12:11
2 - 27% - 30% - 12:59
3 - 26% - 22% - 12:44
4 - 21% - 13% - 10:12
Normal Defense
1 - 33% - 35% - 15:48
2 - 32% - 30% - 15:19
3 - 30% - 22% - 14:35
4 - 5% - 13% - 2:24
PP Forward
1 - 64% - 60% - 3:47
2 - 36% - 40% - 2:10
PP Defense
1 - 69% - 60% - 4:06
2 - 31% - 40% - 1:51
PK Forward
1 - 85% - 60% - 5:03
2 - 15% - 40% - 0:54
PK Defense
1 - 45% - 60% - 2:40
2 - 55% - 40% - 3:17
PK3 Forward
1 - 0% - 60%
2 - 0% - 40%
PK3 Defense
1 - 0% - 60%
2 - 0% - 40%
44 Forward
1 - 100% - 60% - 5:00
2 - 0% - 40% - 0:00
44 Defense
1 - 66% - 60% - 3:19
2 - 34% - 40% - 1:41
Last Minute Offensive  - 0:00
Last Minute Defensive  - 0:00
Total
Forward - 65:00
Defense - 65:00

Play by Play

1st period


0:01 of 1st period - Mike Zigomanis wins face-off versus Mark McNeill in neutral zone.
0:25 of 1st period - J.C. Lipon is hit by Jonathan Marchessault.
0:37 of 1st period - Snap shot by Mark McNeill.
0:37 of 1st period - Deflect By Curtis McKenzie.
0:37 of 1st period - Stopped by Brad Thiessen with a rebound.
0:49 of 1st period - Slapshot by Matt Kassian.
0:49 of 1st period - Shot Hit the Post.
0:51 of 1st period - Snap shot by Linden Vey.
0:51 of 1st period - Deflect By Matt Kassian.
0:51 of 1st period - Shot Misses the Net.
0:51 of 1st period - Puck is out of play.
0:52 of 1st period - Carson McMillan wins face-off versus Jean-Gabriel Pageau in Admirals zone.
1:47 of 1st period - Snap shot by Mike Sislo.
1:47 of 1st period - Shot Blocked by Dan Biega.
2:07 of 1st period - Wrist shot by Mike Sislo.
2:07 of 1st period - Shot Misses the Net.
2:09 of 1st period - Wrist shot by Mike Sislo.
2:09 of 1st period - Stopped by Keith Kinkaid with a rebound.
2:11 of 1st period - Snap shot by Carter Camper.
2:11 of 1st period - Stopped by Keith Kinkaid without a rebound.
2:12 of 1st period - Charles Sarault wins face-off versus Farm Player42 in Penguins zone.
2:33 of 1st period - Snap shot by Linden Vey.
2:33 of 1st period - Stopped by Brad Thiessen without a rebound.
2:34 of 1st period - Mike Zigomanis wins face-off versus Mark McNeill in Admirals zone.
2:57 of 1st period - Snap shot by Mark McNeill.
2:57 of 1st period - Stopped by Brad Thiessen without a rebound.
2:58 of 1st period - Charles Sarault wins face-off versus Jean-Gabriel Pageau in Admirals zone.
3:06 of 1st period - Minor Penalty to Darryl Boyce for Hooking.
3:07 of 1st period - Mike Zigomanis wins face-off versus Carson McMillan in Admirals zone.
3:34 of 1st period - Slapshot by Mike Zigomanis.
3:34 of 1st period - Shot Misses the Net.
4:07 of 1st period - Cade Fairchild is hit by Mark McNeill and loses puck.
4:12 of 1st period - Slapshot by Andrej Sustr.
4:12 of 1st period - Shot Blocked by Jonathan Marchessault.
4:14 of 1st period - Slapshot by Andrej Sustr.
4:14 of 1st period - Stopped by Brad Thiessen without a rebound.
4:15 of 1st period - Mark McNeill wins face-off versus Mike Zigomanis in Admirals zone.
4:45 of 1st period - Off-side.
4:46 of 1st period - Carson McMillan wins face-off versus Mike Zigomanis in neutral zone.
4:49 of 1st period - Snap shot by Matt Kassian.
4:49 of 1st period - Stopped by Brad Thiessen with a rebound.
4:51 of 1st period - Slapshot by Cody Ceci.
4:51 of 1st period - Shot Blocked by Mike Zigomanis.
4:53 of 1st period - Slapshot by Jeff Schultz.
4:53 of 1st period - Shot Misses the Net.
5:06 of 1st period - Penalty to Darryl Boyce is over, Darryl Boyce is back on ice.
5:15 of 1st period - Cody Ceci is hit by Farm Player42 and loses puck.
6:19 of 1st period - Andrej Sustr is hit by Sven Andrighetto and loses puck.
6:52 of 1st period - Wrist shot by Mike Sislo.
6:52 of 1st period - Shot Misses the Net.
6:54 of 1st period - Snap shot by Ryan Bourque.
6:54 of 1st period - Shot Misses the Net.
7:26 of 1st period - Carson McMillan is hit by Bryan Rodney and loses puck.
7:37 of 1st period - Mike Zigomanis is hit by Matt Kassian and loses puck.
8:12 of 1st period - Slapshot by Mark McNeill.
8:12 of 1st period - Shot Blocked by Nathan McIver.
8:36 of 1st period - Snap shot by Linden Vey.
8:36 of 1st period - Shot Blocked by Darryl Boyce.
8:38 of 1st period - Slapshot by Andrej Sustr.
8:38 of 1st period - Shot Blocked by Darryl Boyce.
8:40 of 1st period - Slapshot by Linden Vey.
8:40 of 1st period - Shot Misses the Net.
8:42 of 1st period - Slapshot by Linden Vey.
8:42 of 1st period - Shot Misses the Net.
9:00 of 1st period - Carter Camper is hit by Curtis McKenzie and loses puck.
10:07 of 1st period - Farm Player11 is hit by Philippe Cornet and loses puck.
10:34 of 1st period - Snap shot by Linden Vey.
10:34 of 1st period - Deflect By Matt Kassian.
10:34 of 1st period - Shot Misses the Net.
10:34 of 1st period - Puck is out of play.
10:35 of 1st period - Carson McMillan wins face-off versus Jean-Gabriel Pageau in Admirals zone.
11:46 of 1st period - Slapshot by Mike Sislo.
11:46 of 1st period - Stopped by Keith Kinkaid with a rebound.
11:48 of 1st period - Slapshot by Mike Sislo.
11:48 of 1st period - Shot Misses the Net.
11:50 of 1st period - Wrist shot by Mike Sislo.
11:50 of 1st period - Shot Blocked by Dan Biega.
11:52 of 1st period - Slapshot by Nathan McIver.
11:52 of 1st period - Shot Misses the Net.
12:22 of 1st period - Jeff Schultz is hit by Bryan Rodney and loses puck.
12:46 of 1st period - Mark McNeill is hit by Jerry D'Amigo and loses puck.
13:55 of 1st period - Snap shot by Carter Camper.
13:55 of 1st period - Stopped by Keith Kinkaid with a rebound.
14:25 of 1st period - Backhand shot by Farm Player42.
14:25 of 1st period - Deflect By Maxime Langelier-Parent.
14:25 of 1st period - Shot Misses the Net.
14:25 of 1st period - Puck is out of play.
14:26 of 1st period - Charles Sarault wins face-off versus Maxime Langelier-Parent in Penguins zone.
14:59 of 1st period - Farm Player43 is hit by Tye McGinn and loses puck.
15:14 of 1st period - Charles Sarault is hit by Sven Andrighetto and loses puck.
15:55 of 1st period - Andrej Sustr is hit by Mike Sislo and loses puck.
16:28 of 1st period - Carson McMillan is hit by Cade Fairchild and loses puck.
16:57 of 1st period - Slapshot by Tye McGinn.
16:57 of 1st period - Shot Misses the Net.
17:21 of 1st period - Snap shot by Matt Kassian.
17:21 of 1st period - Deflect By Carson McMillan.
17:21 of 1st period - Shot Misses the Net.
17:21 of 1st period - Puck is out of play.
17:22 of 1st period - Carson McMillan wins face-off versus Darryl Boyce in Admirals zone.
17:32 of 1st period - Icing by Jean-Gabriel Pageau.
17:33 of 1st period - Mark McNeill wins face-off versus Jean-Gabriel Pageau in Admirals zone.
17:44 of 1st period - Curtis McKenzie is hit by Jean-Gabriel Pageau and loses puck.
18:40 of 1st period - Slapshot by Jonathan Marchessault.
18:40 of 1st period - Shot Misses the Net.
18:46 of 1st period - Slapshot by Jonathan Marchessault.
18:46 of 1st period - Stopped by Keith Kinkaid with a rebound.
19:04 of 1st period - Snap shot by Mark McNeill.
19:04 of 1st period - Shot Blocked by Ryan Bourque.
19:22 of 1st period - Snap shot by Linden Vey.
19:22 of 1st period - Shot Blocked by Mike Sislo.
19:24 of 1st period - Wrist shot by Carson McMillan.
19:24 of 1st period - Deflect By Matt Kassian.
19:24 of 1st period - Shot Misses the Net.
19:24 of 1st period - Puck is out of play.
19:25 of 1st period - Maxime Langelier-Parent wins face-off versus Carson McMillan in Admirals zone.
19:30 of 1st period - Snap shot by Linden Vey.
19:30 of 1st period - Stopped by Brad Thiessen with a rebound.
19:32 of 1st period - Slapshot by Jeff Schultz.
19:32 of 1st period - Stopped by Brad Thiessen with a rebound.
Goals for this period are 0 for Penguins vs 0 for Admirals.
Shots for this period are 7 for Penguins vs 5 for Admirals.

2nd period


0:01 of 2nd period - Mike Zigomanis wins face-off versus Carson McMillan in neutral zone.
1:15 of 2nd period - Andrej Sustr is hit by Darryl Boyce and loses puck.
1:30 of 2nd period - Andrej Sustr is hit by Nathan McIver.
1:54 of 2nd period - Wrist shot by Carter Camper.
1:54 of 2nd period - Stopped by Keith Kinkaid with a rebound.
1:56 of 2nd period - Snap shot by Mike Sislo.
1:56 of 2nd period - Deflect By Carter Camper.
1:56 of 2nd period - Shot Blocked by Dan Biega.
1:56 of 2nd period - Puck is out of play.
1:57 of 2nd period - Charles Sarault wins face-off versus Maxime Langelier-Parent in Penguins zone.
2:27 of 2nd period - Icing by Cody Ceci.
2:28 of 2nd period - Mike Zigomanis wins face-off versus Charles Sarault in Penguins zone.
2:40 of 2nd period - Minor Penalty to Cody Ceci for Cross-checking.
2:41 of 2nd period - Curtis McKenzie wins face-off versus Mike Zigomanis in Penguins zone.
3:20 of 2nd period - Icing by Jonathan Marchessault.
3:21 of 2nd period - Mike Zigomanis wins face-off versus Curtis McKenzie in Admirals zone.
4:40 of 2nd period - Penalty to Cody Ceci is over, Cody Ceci is back on ice.
5:14 of 2nd period - Snap shot by Linden Vey.
5:14 of 2nd period - Shot Misses the Net.
5:16 of 2nd period - Snap shot by Philippe Cornet.
5:16 of 2nd period - Shot Misses the Net.
5:18 of 2nd period - Slapshot by Jeff Schultz.
5:18 of 2nd period - Shot Blocked by Darryl Boyce.
6:30 of 2nd period - Slapshot by Bryan Rodney.
6:30 of 2nd period - Shot Misses the Net.
6:32 of 2nd period - Snap shot by Maxime Langelier-Parent.
6:32 of 2nd period - Shot Blocked by Andrej Sustr.
6:34 of 2nd period - Snap shot by Bryan Rodney.
6:34 of 2nd period - Stopped by Keith Kinkaid without a rebound.
6:35 of 2nd period - Carson McMillan wins face-off versus Maxime Langelier-Parent in Penguins zone.
6:54 of 2nd period - Snap shot by Maxime Langelier-Parent.
6:54 of 2nd period - Shot Blocked by Dan Biega.
6:56 of 2nd period - Slapshot by Maxime Langelier-Parent.
6:56 of 2nd period - Stopped by Keith Kinkaid with a rebound.
6:58 of 2nd period - Slapshot by Bryan Rodney.
6:58 of 2nd period - Shot Misses the Net.
7:00 of 2nd period - Slapshot by Bryan Rodney.
7:00 of 2nd period - Stopped by Keith Kinkaid with a rebound.
7:02 of 2nd period - Slapshot by Bryan Rodney.
7:02 of 2nd period - Stopped by Keith Kinkaid with a rebound.
7:39 of 2nd period - Slapshot by Jerry D'Amigo.
7:39 of 2nd period - Shot Misses the Net.
8:13 of 2nd period - Snap shot by Charles Sarault.
8:13 of 2nd period - Shot Misses the Net.
8:15 of 2nd period - Slapshot by Jeff Schultz.
8:15 of 2nd period - Stopped by Brad Thiessen with a rebound.
8:55 of 2nd period - Snap shot by Jonathan Marchessault.
8:55 of 2nd period - Shot Misses the Net.
9:09 of 2nd period - Hunter Bishop is hit by Jerry D'Amigo and loses puck.
9:37 of 2nd period - Jean-Gabriel Pageau is hit by Charles Sarault and loses puck.
11:31 of 2nd period - Icing by Jean-Gabriel Pageau.
11:32 of 2nd period - Jean-Gabriel Pageau wins face-off versus Mark McNeill in Admirals zone.
11:32 of 2nd period - Jean-Gabriel Pageau is hit by Dan Biega.
12:29 of 2nd period - Snap shot by Carter Camper.
12:29 of 2nd period - Stopped by Keith Kinkaid with a rebound.
12:31 of 2nd period - Backhand shot by Cade Fairchild.
12:31 of 2nd period - Stopped by Keith Kinkaid without a rebound.
12:32 of 2nd period - Curtis McKenzie wins face-off versus Carter Camper in Penguins zone.
12:34 of 2nd period - Minor Penalty to Curtis McKenzie for Tripping.
12:35 of 2nd period - Mike Zigomanis wins face-off versus Linden Vey in Penguins zone.
12:47 of 2nd period - Linden Vey is hit by Jerry D'Amigo and loses puck.
13:26 of 2nd period - Charles Sarault is hit by Sven Andrighetto and loses puck.
13:43 of 2nd period - Wrist shot by Sven Andrighetto.
13:43 of 2nd period - Shot Misses the Net.
13:57 of 2nd period - Darryl Boyce is hit by Philippe Cornet and loses puck.
14:14 of 2nd period - Jerry D'Amigo is hit by Charles Sarault and loses puck.
14:34 of 2nd period - Penalty to Curtis McKenzie is over, Curtis McKenzie is back on ice.
15:01 of 2nd period - Snap shot by Tye McGinn.
15:01 of 2nd period - Shot Hit the Post.
15:03 of 2nd period - Slapshot by Dan Biega.
15:03 of 2nd period - Stopped by Brad Thiessen without a rebound.
15:04 of 2nd period - Carson McMillan wins face-off versus Carter Camper in Admirals zone.
15:09 of 2nd period - Snap shot by Linden Vey.
15:09 of 2nd period - Shot Misses the Net.
15:11 of 2nd period - Backhand shot by Dan Biega.
15:11 of 2nd period - Stopped by Brad Thiessen with a rebound.
15:30 of 2nd period - Icing by Ryan Bourque.
15:31 of 2nd period - Mark McNeill wins face-off versus Carter Camper in Admirals zone.
15:32 of 2nd period - Wrist shot by Andrej Sustr.
15:32 of 2nd period - Stopped by Brad Thiessen without a rebound.
15:33 of 2nd period - Maxime Langelier-Parent wins face-off versus Mark McNeill in Admirals zone.
16:03 of 2nd period - Tye McGinn is hit by Farm Player42 and loses puck.
16:10 of 2nd period - Snap shot by Jimmy Bonneau.
16:10 of 2nd period - Stopped by Keith Kinkaid with a rebound.
16:30 of 2nd period - Andrej Sustr is hit by Jonathan Marchessault and loses puck.
17:10 of 2nd period - Icing by Dan Biega.
17:11 of 2nd period - J.C. Lipon wins face-off versus Carter Camper in Penguins zone.
17:56 of 2nd period - Snap shot by Charles Sarault.
17:56 of 2nd period - Stopped by Brad Thiessen with a rebound.
18:08 of 2nd period - Wrist shot by Charles Sarault.
18:08 of 2nd period - Stopped by Brad Thiessen without a rebound.
18:09 of 2nd period - Carson McMillan wins face-off versus Jean-Gabriel Pageau in Admirals zone.
18:23 of 2nd period - Snap shot by Linden Vey.
18:23 of 2nd period - Shot Misses the Net.
18:25 of 2nd period - Snap shot by Matt Kassian.
18:25 of 2nd period - Shot Misses the Net.
18:39 of 2nd period - Wrist shot by Sven Andrighetto.
18:39 of 2nd period - Shot Misses the Net.
18:41 of 2nd period - Minor Penalty to J.C. Lipon for Slashing.
18:42 of 2nd period - Mike Zigomanis wins face-off versus Curtis McKenzie in Penguins zone.
18:45 of 2nd period - Slapshot by Jerry D'Amigo.
18:45 of 2nd period - Stopped by Keith Kinkaid without a rebound.
18:46 of 2nd period - Curtis McKenzie wins face-off versus Mike Zigomanis in Penguins zone.
19:27 of 2nd period - Jerry D'Amigo is hit by Jeff Schultz and loses puck.
19:44 of 2nd period - Jean-Gabriel Pageau is hit by Philippe Cornet and loses puck.
19:51 of 2nd period - Snap shot by Nathan McIver.
19:51 of 2nd period - Shot Blocked by Philippe Cornet.
Goals for this period are 0 for Penguins vs 0 for Admirals.
Shots for this period are 6 for Penguins vs 9 for Admirals.

3rd period


0:01 of 3rd period - Mike Zigomanis wins face-off versus Curtis McKenzie in neutral zone.
0:41 of 3rd period - Penalty to J.C. Lipon is over, J.C. Lipon is back on ice.
0:54 of 3rd period - Snap shot by Sven Andrighetto.
0:54 of 3rd period - Shot Misses the Net.
0:56 of 3rd period - Snap shot by Sven Andrighetto.
0:56 of 3rd period - Stopped by Keith Kinkaid with a rebound.
1:08 of 3rd period - Snap shot by Sven Andrighetto.
1:08 of 3rd period - Shot Blocked by Chris Huxley.
1:10 of 3rd period - Snap shot by Darryl Boyce.
1:10 of 3rd period - Shot Blocked by Chris Huxley.
1:12 of 3rd period - Backhand shot by Nathan McIver.
1:12 of 3rd period - Shot Misses the Net.
1:14 of 3rd period - Slapshot by Nathan McIver.
1:14 of 3rd period - Deflect By Jean-Gabriel Pageau.
1:14 of 3rd period - Goal by Jean-Gabriel Pageau - Penguins : 0 - Admirals : 1.
1:15 of 3rd period - Carter Camper wins face-off versus Carson McMillan in neutral zone.
1:20 of 3rd period - Snap shot by Carter Camper.
1:20 of 3rd period - Deflect By Mike Sislo.
1:20 of 3rd period - Shot Misses the Net.
1:20 of 3rd period - Puck is out of play.
1:21 of 3rd period - Ryan Bourque wins face-off versus Carson McMillan in Penguins zone.
2:10 of 3rd period - Jerry D'Amigo is hit by Curtis McKenzie and loses puck.
2:15 of 3rd period - Wrist shot by Tye McGinn.
2:15 of 3rd period - Shot Misses the Net.
2:17 of 3rd period - Snap shot by Cody Ceci.
2:17 of 3rd period - Shot Misses the Net.
4:07 of 3rd period - Dan Biega is hit by Farm Player42 and loses puck.
4:33 of 3rd period - Icing by Mike Sislo.
4:34 of 3rd period - Charles Sarault wins face-off versus Carter Camper in Admirals zone.
4:55 of 3rd period - Philippe Cornet is hit by Farm Player43 and loses puck.
5:02 of 3rd period - Charles Sarault is hit by Carter Camper and loses puck.
5:09 of 3rd period - Mike Sislo is hit by Cody Ceci and loses puck.
5:35 of 3rd period - Snap shot by Jonathan Marchessault.
5:35 of 3rd period - Shot Misses the Net.
7:13 of 3rd period - Nathan McIver is hit by Curtis McKenzie and loses puck.
7:24 of 3rd period - Philippe Cornet is hit by Jimmy Bonneau and loses puck.
7:33 of 3rd period - Snap shot by Linden Vey.
7:33 of 3rd period - Stopped by Brad Thiessen with a rebound.
7:35 of 3rd period - Wrist shot by Linden Vey.
7:35 of 3rd period - Shot Blocked by Farm Player42.
7:37 of 3rd period - Wrist shot by Linden Vey.
7:37 of 3rd period - Goal by Linden Vey - Penguins : 1 - Admirals : 1.
7:38 of 3rd period - Carson McMillan wins face-off versus Mike Zigomanis in neutral zone.
7:40 of 3rd period - Off-side.
7:41 of 3rd period - Carson McMillan wins face-off versus Jonathan Marchessault in neutral zone.
9:10 of 3rd period - Slapshot by Mike Sislo.
9:10 of 3rd period - Stopped by Keith Kinkaid without a rebound.
9:11 of 3rd period - Carson McMillan wins face-off versus Carter Camper in Penguins zone.
9:20 of 3rd period - Snap shot by Linden Vey.
9:20 of 3rd period - Shot Blocked by Mike Sislo.
9:33 of 3rd period - Carter Camper is hit by Linden Vey and loses puck.
9:59 of 3rd period - J.C. Lipon is hit by Jonathan Marchessault and loses puck.
10:08 of 3rd period - Snap shot by Jonathan Marchessault.
10:08 of 3rd period - Shot Misses the Net.
10:10 of 3rd period - Snap shot by Jerry D'Amigo.
10:10 of 3rd period - Stopped by Keith Kinkaid without a rebound.
10:11 of 3rd period - Mark McNeill wins face-off versus Jerry D'Amigo in Penguins zone.
10:16 of 3rd period - Bryan Rodney is hit by Mark McNeill and loses puck.
10:29 of 3rd period - Snap shot by Jerry D'Amigo.
10:29 of 3rd period - Shot Misses the Net.
10:31 of 3rd period - Slapshot by Cade Fairchild.
10:31 of 3rd period - Stopped by Keith Kinkaid with a rebound.
10:33 of 3rd period - Snap shot by Jonathan Marchessault.
10:33 of 3rd period - Stopped by Keith Kinkaid without a rebound.
10:34 of 3rd period - Hunter Bishop wins face-off versus Jean-Gabriel Pageau in Penguins zone.
10:59 of 3rd period - Minor Penalty to Sven Andrighetto for High sticking.
11:00 of 3rd period - Mike Zigomanis wins face-off versus Carson McMillan in Admirals zone.
11:00 of 3rd period - Mike Zigomanis is hit by Matt Kassian.
11:16 of 3rd period - Wrist shot by Mike Zigomanis.
11:16 of 3rd period - Stopped by Keith Kinkaid with a rebound.
11:36 of 3rd period - Mike Zigomanis is hit by Matt Kassian and loses puck.
12:20 of 3rd period - Bryan Rodney is hit by Matt Kassian and loses puck.
12:31 of 3rd period - Maxime Langelier-Parent is hit by J.C. Lipon and loses puck.
12:55 of 3rd period - Mark McNeill is hit by Bryan Rodney and loses puck.
12:59 of 3rd period - Penalty to Sven Andrighetto is over, Sven Andrighetto is back on ice.
13:20 of 3rd period - Wrist shot by Philippe Cornet.
13:20 of 3rd period - Stopped by Brad Thiessen without a rebound.
13:21 of 3rd period - Charles Sarault wins face-off versus Mike Sislo in Admirals zone.
13:31 of 3rd period - Minor Penalty to Farm Player43 for Interference.
13:32 of 3rd period - Mike Zigomanis wins face-off versus Carson McMillan in Admirals zone.
13:53 of 3rd period - Snap shot by Mike Zigomanis.
13:53 of 3rd period - Stopped by Keith Kinkaid with a rebound.
14:54 of 3rd period - Slapshot by Andrej Sustr.
14:54 of 3rd period - Shot Blocked by Maxime Langelier-Parent.
14:56 of 3rd period - Wrist shot by Andrej Sustr.
14:56 of 3rd period - Shot Blocked by Maxime Langelier-Parent.
14:58 of 3rd period - Wrist shot by Mark McNeill.
14:58 of 3rd period - Shot Misses the Net.
15:00 of 3rd period - Slapshot by Andrej Sustr.
15:00 of 3rd period - Shot Blocked by Farm Player2.
15:02 of 3rd period - Slapshot by Dan Biega.
15:02 of 3rd period - Shot Misses the Net.
15:04 of 3rd period - Snap shot by Mark McNeill.
15:04 of 3rd period - Stopped by Brad Thiessen with a rebound.
15:23 of 3rd period - Snap shot by Mark McNeill.
15:23 of 3rd period - Shot Misses the Net.
15:31 of 3rd period - Penalty to Farm Player43 is over, Farm Player43 is back on ice.
15:43 of 3rd period - Andrej Sustr is hit by Nathan McIver and loses puck.
15:54 of 3rd period - Slapshot by Bryan Rodney.
15:54 of 3rd period - Shot Blocked by Andrej Sustr.
16:09 of 3rd period - Snap shot by Darryl Boyce.
16:09 of 3rd period - Deflect By Linden Vey.
16:09 of 3rd period - Stopped by Keith Kinkaid with a rebound.
16:11 of 3rd period - Slapshot by Cade Fairchild.
16:11 of 3rd period - Stopped by Keith Kinkaid with a rebound.
17:03 of 3rd period - Andrej Sustr is hit by Farm Player11 and loses puck.
17:18 of 3rd period - Cody Ceci is hit by Mike Sislo and loses puck.
17:23 of 3rd period - Snap shot by Carter Camper.
17:23 of 3rd period - Stopped by Keith Kinkaid with a rebound.
17:25 of 3rd period - Slapshot by Ryan Bourque.
17:25 of 3rd period - Stopped by Keith Kinkaid without a rebound.
17:26 of 3rd period - Maxime Langelier-Parent wins face-off versus Mark McNeill in Penguins zone.
18:25 of 3rd period - Linden Vey is hit by Cade Fairchild and loses puck.
19:17 of 3rd period - Darryl Boyce is hit by Philippe Cornet and loses puck.
19:22 of 3rd period - Snap shot by Linden Vey.
19:22 of 3rd period - Stopped by Brad Thiessen with a rebound.
19:48 of 3rd period - Wrist shot by Carter Camper.
19:48 of 3rd period - Stopped by Keith Kinkaid with a rebound.
19:50 of 3rd period - Snap shot by Ryan Bourque.
19:50 of 3rd period - Stopped by Keith Kinkaid with a rebound.
19:52 of 3rd period - Slapshot by Cade Fairchild.
19:52 of 3rd period - Shot Blocked by Dan Biega.
19:54 of 3rd period - Slapshot by Bryan Rodney.
19:54 of 3rd period - Shot Misses the Net.
19:56 of 3rd period - Wrist shot by Ryan Bourque.
19:56 of 3rd period - Deflect By Tye McGinn.
19:56 of 3rd period - Stopped by Keith Kinkaid with a rebound.
19:58 of 3rd period - Backhand shot by Bryan Rodney.
19:58 of 3rd period - Deflect By Carter Camper.
19:58 of 3rd period - Stopped by Keith Kinkaid with a rebound.
Goals for this period are 1 for Penguins vs 1 for Admirals.
Shots for this period are 5 for Penguins vs 16 for Admirals.

Overtime #1


0:01 of 1st overtime period - Mike Zigomanis wins face-off versus Curtis McKenzie in neutral zone.
0:30 of 1st overtime period - Wrist shot by Mark McNeill.
0:30 of 1st overtime period - Shot Misses the Net.
0:32 of 1st overtime period - Backhand shot by Cody Ceci.
0:32 of 1st overtime period - Deflect By Mark McNeill.
0:32 of 1st overtime period - Stopped by Brad Thiessen with a rebound.
0:36 of 1st overtime period - Snap shot by Mark McNeill.
0:36 of 1st overtime period - Shot Misses the Net.
0:38 of 1st overtime period - Slapshot by Cody Ceci.
0:38 of 1st overtime period - Shot Blocked by Bryan Rodney.
1:36 of 1st overtime period - Off-side.
1:37 of 1st overtime period - Charles Sarault wins face-off versus Mike Sislo in neutral zone.
1:40 of 1st overtime period - Slapshot by Andrej Sustr.
1:40 of 1st overtime period - Stopped by Brad Thiessen with a rebound.
1:42 of 1st overtime period - Slapshot by Andrej Sustr.
1:42 of 1st overtime period - Shot Misses the Net.
1:46 of 1st overtime period - Snap shot by Charles Sarault.
1:46 of 1st overtime period - Shot Blocked by Cade Fairchild.
1:48 of 1st overtime period - Wrist shot by Charles Sarault.
1:48 of 1st overtime period - Stopped by Brad Thiessen without a rebound.
1:49 of 1st overtime period - Curtis McKenzie wins face-off versus Ryan Bourque in Admirals zone.
2:08 of 1st overtime period - Snap shot by Mike Sislo.
2:08 of 1st overtime period - Shot Misses the Net.
2:35 of 1st overtime period - Andrej Sustr is hit by Farm Player2 and loses puck.
2:59 of 1st overtime period - Ryan Bourque is hit by Charles Sarault and loses puck.
3:41 of 1st overtime period - Wrist shot by Linden Vey.
3:41 of 1st overtime period - Shot Misses the Net.
3:43 of 1st overtime period - Wrist shot by Philippe Cornet.
3:43 of 1st overtime period - Stopped by Brad Thiessen with a rebound.
3:45 of 1st overtime period - Slapshot by Cody Ceci.
3:45 of 1st overtime period - Shot Misses the Net.
3:47 of 1st overtime period - Slapshot by Cody Ceci.
3:47 of 1st overtime period - Shot Blocked by Maxime Langelier-Parent.
3:47 of 1st overtime period - Maxime Langelier-Parent from Admirals is injured at 3:47 of 1st overtime period (Bruised Right Arm).
3:48 of 1st overtime period - Curtis McKenzie wins face-off versus Mike Zigomanis in Admirals zone.
4:07 of 1st overtime period - Snap shot by Jonathan Marchessault.
4:07 of 1st overtime period - Shot Misses the Net.
4:09 of 1st overtime period - Wrist shot by Mike Zigomanis.
4:09 of 1st overtime period - Shot Misses the Net.
4:24 of 1st overtime period - Backhand shot by Jonathan Marchessault.
4:24 of 1st overtime period - Stopped by Keith Kinkaid with a rebound.
4:26 of 1st overtime period - Slapshot by Bryan Rodney.
4:26 of 1st overtime period - Shot Misses the Net.
4:42 of 1st overtime period - Mark McNeill is hit by Cade Fairchild and loses puck.
4:51 of 1st overtime period - Slapshot by Andrej Sustr.
4:51 of 1st overtime period - Shot Misses the Net.
4:53 of 1st overtime period - Wrist shot by Dan Biega.
4:53 of 1st overtime period - Stopped by Brad Thiessen with a rebound.
4:55 of 1st overtime period - Snap shot by Curtis McKenzie.
4:55 of 1st overtime period - Shot Misses the Net.
Goals for this period are 0 for Penguins vs 0 for Admirals.
Shots for this period are 5 for Penguins vs 1 for Admirals.

ShootOut


5:00 of 1st overtime period - Penalty Shot by Curtis McKenzie for Penguins.
5:00 of 1st overtime period - Wrist shot by Curtis McKenzie.
5:00 of 1st overtime period - Stopped by Brad Thiessen.
5:00 of 1st overtime period - Penalty Shot by Mike Zigomanis for Admirals.
5:00 of 1st overtime period - Backhand shot by Mike Zigomanis.
5:00 of 1st overtime period - Stopped by Keith Kinkaid.
5:00 of 1st overtime period - Penalty Shot by Mark McNeill for Penguins.
5:00 of 1st overtime period - Wrist shot by Mark McNeill.
5:00 of 1st overtime period - Stopped by Brad Thiessen.
5:00 of 1st overtime period - Penalty Shot by Jonathan Marchessault for Admirals.
5:00 of 1st overtime period - Backhand shot by Jonathan Marchessault.
5:00 of 1st overtime period - Stopped by Keith Kinkaid.
5:00 of 1st overtime period - Penalty Shot by Matt Kassian for Penguins.
5:00 of 1st overtime period - Backhand shot by Matt Kassian.
5:00 of 1st overtime period - Stopped by Brad Thiessen.
5:00 of 1st overtime period - Penalty Shot by Jean-Gabriel Pageau for Admirals.
5:00 of 1st overtime period - Snap shot by Jean-Gabriel Pageau.
5:00 of 1st overtime period - Goal by Jean-Gabriel Pageau.


Output by the SimonT Hockey Simulator (STHS) for Eric Dolegowski -- Original Page W3C XHTML 1.0 Valid
Hockey Simulator - Hockey Simulation - Hockey Manager